 Dungeon Crawl Stone Soup version 0.29.0-5-ge4962eb29e (webtiles) character file.

Game seed: 2366094832501465116

12510 Arum the Protected (level 12, -2/102 HPs)
             Began as a Formicid Fighter on Aug 28, 2022.
             Was an Elder of Ru.
             Slain by a seven-headed hydra (12 damage)
             ... on level 12 of the Dungeon.
             The game lasted 00:17:59 (9081 turns).

Arum the Protected (Formicid Fighter)               Turns: 9081, Time: 00:17:59

Health: -2/102     AC: 20    Str: 24    XL:     12   Next: 21%
Magic:  12/12      EV:  2    Int: 10    God:    Ru [****..]
Gold:   833        SH:  6    Dex: 14    Spells: 11/11 levels left

rFire   . . .      SeeInvis +   u - +5 quarterstaff (chaos)
rCold   . . .      Faith    .   c - +0 buckler
rNeg    . . .      Spirit   .   H - +2 plate armour {rPois}
rPois   +          Reflect  .   (helmet unavailable)
rElec   .          Harm     .   v - +0 cloak
rCorr   +          Rampage  .   p - +0 pair of gloves
Will    ++...                   (no boots)
Stlth   ..........              q - amulet "Risais" {Acrobat rPois Regen+ rCorr Dex-5}
HPRegen 1.07/turn               r - +6 ring of dexterity
MPRegen 0.13/turn               w - ring of willpower

@: mighty
A: permanent stasis, dig shafts and tunnels, antennae 3, hated by all, no earth
magic, no hexes magic, no summoning magic, reduced EV 1, missing an eye, four
strong arms
a: Dig, Shaft Self, Renounce Religion, Draw Out Power, Power Leap


You were on level 12 of the Dungeon.
You worshipped Ru.
Ru was greatly pleased with you.
You visited 1 branch of the dungeon, and saw 12 of its levels.
You also visited: Ossuary.

You collected 833 gold pieces.

Inventory:

Hand Weapons
 a - a +0 quarterstaff
 u - a +5 quarterstaff of chaos (weapon)
Missiles
 I - 2 javelins
Armour
 b - a +0 scale mail
 c - a +0 buckler (worn)
 p - a +0 pair of gloves (worn)
 v - a +0 cloak (worn)
 H - a +2 plate armour of poison resistance (worn)
Jewellery
 m - a +6 ring of dexterity
 q - the amulet "Risais" (around neck) {Acrobat rPois Regen+ rCorr Dex-5}
   (You found it on level 3 of the Dungeon)

   [amulet of the acrobat]

   It increases your evasion while moving and waiting.
   Dex:       It affects your dexterity (-5).
   rPois:     It protects you from poison.
   Regen:     It increases your rate of health regeneration.
   rCorr:     It protects you from acid and corrosion.
 r - a +6 ring of dexterity (left hand)
 w - a ring of willpower (right hand)
Wands
 e - a wand of polymorph (12)
 L - a wand of flame (4)
Scrolls
 f - 2 scrolls of fear
 g - 3 scrolls of summoning
 j - 2 scrolls of vulnerability
 k - 10 scrolls of teleportation
 n - a scroll of enchant armour {unknown}
 x - 2 scrolls of enchant weapon
 y - 4 scrolls of butterflies
 B - 3 scrolls of blinking
 C - 4 scrolls of amnesia
 J - a scroll of silence
Potions
 d - 3 potions of might
 h - 6 potions of curing
 i - 2 potions of invisibility
 l - a potion of attraction
 o - a potion of heal wounds
 s - 3 potions of brilliance
 z - a potion of ambrosia {unknown}
 A - 2 potions of lignification
 D - 2 potions of mutation
 F - a potion of magic
 G - 6 potions of flight
Miscellaneous
 K - a lightning rod (4/4)
 M - a tin of tremorstones (2/2)


   Skills:
 + Level 11.8 Fighting
 + Level 10.7 Staves
 + Level 11.9 Armour
 + Level 8.2 Shields


You had 11 spell levels left.
You didn't know any spells.
Your spell library contained the following spells:

 Spells                   Type           Power      Damage    Failure   Level
 Beastly Appendage        Tmut           0%         N/A       99%         1
 Shock                    Conj/Air       0%         1d3       99%         1
 Static Discharge         Conj/Air       0%         3-3/arc   100%        2
 Wereblood                Tmut           0%         N/A       100%        2
 Gell's Gravitas          Tloc           0%         N/A       100%        3
 Lesser Beckoning         Tloc           0%         N/A       100%        3
 Spider Form              Tmut/Pois      0%         N/A       100%        3
 Teleport Other           Tloc           0%         N/A       100%        3
 Airstrike                Air            0%         2d(0-16)  100%        4
 Dispel Undead            Necr           0%         3d6       100%        4
 Sticky Flame             Conj/Fire      0%         2d3       100%        4
 Manifold Assault         Tloc           0%         N/A       100%        5
 Dispersal                Tloc           0%         N/A       100%        6
 Blink                    Tloc           Unusable   N/A       N/A         2
 Swiftness                Air            Unusable   N/A       N/A         3

Dungeon Overview and Level Annotations

Branches:
Dungeon (12/15)            Temple (0/1) D:6            Lair (0/5) D:10
    Orc (0/2) D:11        Ossuary (visited)

Altars:
Cheibriados
Dithmenos
Gozag
Makhleb
Nemelex Xobeh
Okawaru
Ru
Sif Muna
Trog
Xom
The Shining One

Shops:
D:3 [

Annotations:
D:9 3 runed translucent doors, diceflayer's ghost, journeyman DsFi


Innate Abilities, Weirdness & Mutations

You cannot be hasted, slowed, berserked, paralysed or teleported.
You can dig through walls and to a lower floor.
You have a pair of large antennae on your head. (SInv)
You are hated by all.
You cannot study or cast Earth magic.
You cannot study or cast Hexes magic.
You cannot study or cast Summoning magic.
You have somewhat slow reflexes. (EV -5)
You are missing an eye, making it more difficult to aim.
Your four strong arms can wield two-handed weapons with a shield.


Message History

Okay, then.
You sock the seven-headed hydra!
The seven-headed hydra flickers and vanishes for a moment.
The seven-headed hydra is lightly wounded.
The seven-headed hydra bites you but does no damage. x5
The seven-headed hydra bites you.
The seven-headed hydra bites you but does no damage.
Unknown command.
You bludgeon the seven-headed hydra!!
The seven-headed hydra resists with almost no effort.
The seven-headed hydra is heavily wounded.
The seven-headed hydra bites you but does no damage.
The seven-headed hydra bites you.
You block the seven-headed hydra's attack.
The seven-headed hydra bites you. x2
The seven-headed hydra bites you but does no damage.
The seven-headed hydra barely misses you.
You feel very mighty all of a sudden.
You block the seven-headed hydra's attack.
The seven-headed hydra bites you.
The seven-headed hydra barely misses you.
The seven-headed hydra bites you but does no damage.
The seven-headed hydra bites you. The seven-headed hydra bites you!
* * * LOW HITPOINT WARNING * * *
The seven-headed hydra bites you.
* * * LOW HITPOINT WARNING * * *
Unknown command.
Unknown command.
Unknown command.
You thump the seven-headed hydra! You burn the seven-headed hydra.
The seven-headed hydra is severely wounded.
The boulder beetle leaps!
You block the seven-headed hydra's attack.
The seven-headed hydra bites you.
* * * LOW HITPOINT WARNING * * *
The seven-headed hydra bites you.
* * * LOW HITPOINT WARNING * * *
You block the seven-headed hydra's attack.
The seven-headed hydra bites you!
You die...

####### .....###
#...... ##.B... #.....
#...###.# # #.○.°...#
.# ##D###### ###. #@#
#.. ##'## ##.# ##...##
#..# #
##.....######..###.#
##.......#..........#
#..........###...#####
+.........))..........
#..........###...#.###
##.......#.# ##..#.#


You could see a boulder beetle (fast, agile) and a seven-headed hydra
(invisible).

Vanquished Creatures
  A centaur warrior (D:12)
  3 two-headed ogres
  A gargoyle (D:11)
  A komodo dragon (D:11)
  3 kobold demonologists (D:10)
  A shadow (D:11)
  6 wyverns
  3 yaks (D:10)
  2 steam dragons
  A warg (D:11)
  Menkaure (D:5)
  8 water moccasins
  An acid dragon (D:6)
  2 black bears
  4 orc warriors
  An ice beast (D:7)
  4 ogres
  3 wolves (D:10)
  12 centaurs
  A kobold brigand (D:9)
  2 bullfrogs (D:7)
  2 necrophages
  2 gnoll sergeants
  4 scorpions
  A wyvern zombie (Ossuary)
  7 wights
  3 water moccasin zombies (Ossuary)
  8 howler monkeys
  7 centaur zombies (Ossuary)
  6 bullfrog zombies (Ossuary)
  Crazy Yiuf (D:3)
  2 hounds
  2 jellies
  11 orc priests
  4 iguanas
  12 orc wizards
  Natasha (twice) (D:3)
  2 killer bee zombies (Ossuary)
  11 mummies (Ossuary)
  2 howler monkey zombies (Ossuary)
  18 gnolls
  11 adders
  3 white imps
  An ufetubus (D:5)
  A worm (D:5)
  5 dart slugs
  29 orcs
  5 ball pythons
  8 bats
  6 endoplasms
  A giant cockroach (D:2)
  7 goblins
  4 hobgoblins (D:2)
  5 jackals
  3 quokkas
  4 frilled lizards
  7 kobolds
  4 rats
272 creatures vanquished.

Vanquished Creatures (collateral kills)
  An iguana (D:6)
  2 kobolds (D:9)
3 creatures vanquished.

Vanquished Creatures (others)
  A two-headed ogre (D:10)
  A wight (D:8)
  A howler monkey zombie (D:9)
  3 fungi
  8 plants (D:10)
  5 withered plants (Ossuary)
19 creatures vanquished.

Grand Total: 294 creatures vanquished

Notes
Turn   | Place    | Note
-------+----------+-------------------------------------------
     0 | D:1      | Arum the Formicid Fighter began the quest for the Orb.
     0 | D:1      | Reached XP level 1. HP: 18/18 MP: 1/1
   161 | D:1      | Reached XP level 2. HP: 24/24 MP: 2/2
   584 | D:2      | Reached XP level 3. HP: 30/30 MP: 3/3
   854 | D:2      | Found a faded altar of an unknown god.
  1300 | D:2      | Reached XP level 4. HP: 29/37 MP: 4/4
  1520 | D:3      | Found a sacrificial altar of Ru.
  1527 | D:3      | Became a worshipper of Ru the Awakened
  1547 | D:3      | Identified the amulet "Risais" {Acrobat rPois Regen+ rCorr
                  | Dex-5}
  1554 | D:3      | Found Benwin's Armour Shop.
  1885 | D:3      | Reached XP level 5. HP: 29/42 MP: 5/5
  2139 | D:3      | Noticed Natasha
  2154 | D:3      | Killed Natasha
  2274 | D:3      | Found a runed translucent door.
  2275 | D:3      | Noticed Crazy Yiuf
  2283 | D:3      | Killed Crazy Yiuf
  2411 | D:3      | Noticed Natasha
  2417 | D:3      | Killed Natasha
  2418 | D:3      | Reached XP level 6. HP: 49/49 MP: 6/6
  2532 | D:4      | Reached skill level 5 in Fighting
  2532 | D:4      | Reached skill level 5 in Armour
  2707 | D:4      | Found a hazy altar of Hepliaklqana.
  2789 | D:4      | Reached XP level 7. HP: 55/56 MP: 7/7
  2866 | D:4      | Gained mutation: You cannot study or cast Earth magic. [Ru
                  | sacrifice]
  2866 | D:4      | Gained mutation: You cannot study or cast Hexes magic. [Ru
                  | sacrifice]
  2866 | D:4      | Gained mutation: You cannot study or cast Summoning magic.
                  | [Ru sacrifice]
  2866 | D:4      | Reached * piety under Ru
  2934 | D:4      | Reached skill level 5 in Staves
  3112 | D:4      | Reached XP level 8. HP: 64/64 MP: 8/8
  3232 | D:5      | Entered Level 5 of the Dungeon
  3729 | D:5      | Found a shadowy altar of Dithmenos.
  3760 | D:5      | Noticed Menkaure
  3768 | D:5      | Killed Menkaure
  3869 | D:5      | Found a sparkling altar of Nemelex Xobeh.
  3970 | D:6      | Found a staircase to the Ecumenical Temple.
  4032 | D:6      | Found a shimmering altar of Xom.
  4141 | D:6      | Found a sand-covered staircase.
  4146 | Ossuary  | Entered an ossuary
  4201 | Ossuary  | Reached XP level 9. HP: 72/72 MP: 9/9
  4715 | D:6      | Found a basalt altar of Yredelemnul.
  4764 | D:6      | Found a bloodstained altar of Trog.
  4990 | D:6      | Gained mutation: You are missing an eye, making it more
                  | difficult to aim. [Ru sacrifice]
  4990 | D:6      | Reached ** piety under Ru
  5240 | D:7      | Reached XP level 10. HP: 82/82 MP: 10/10
  5329 | D:7      | Found an opulent altar of Gozag.
  5411 | D:7      | Found a snail-covered altar of Cheibriados.
  5610 | D:7      | Found a shadowy altar of Dithmenos.
  5948 | D:8      | Found a burning altar of Makhleb.
  6053 | D:8      | Found a shimmering blue altar of Sif Muna.
  6447 | D:9      | Noticed diceflayer's ghost (journeyman DsFi)
  6534 | D:9      | Reached skill level 10 in Fighting
  6534 | D:9      | Reached skill level 10 in Armour
  6552 | D:9      | Found a runed translucent gate.
  6553 | D:9      | Found a runed translucent gate.
  6553 | D:9      | Found a runed translucent gate.
  6703 | D:9      | Found an iron altar of Okawaru.
  6939 | D:9      | Gained mutation: You have somewhat slow reflexes. (EV -5)
                  | [Ru sacrifice]
  6939 | D:9      | Reached *** piety under Ru
  7296 | D:10     | Entered Level 10 of the Dungeon
  7300 | D:10     | Noticed a kobold demonologist
  7300 | D:10     | Noticed a kobold demonologist
  7300 | D:10     | Noticed a kobold demonologist
  7306 | D:10     | Noticed an orange demon
  7307 | D:10     | Noticed a smoke demon
  7311 | D:10     | Noticed a soul eater
  7314 | D:10     | Noticed a soul eater
  7322 | D:9      | Reached XP level 11. HP: 87/92 MP: 11/11
  7385 | D:10     | Noticed a sixfirhy
  7386 | D:10     | Reached skill level 5 in Shields
  7545 | D:10     | Found a staircase to the Lair.
  7609 | D:10     | Noticed a two-headed ogre
  7617 | D:10     | Killed a two-headed ogre
  7628 | D:10     | Killed a two-headed ogre
  7666 | D:10     | Reached skill level 10 in Staves
  7894 | D:10     | Found a glowing golden altar of the Shining One.
  8143 | D:10     | Noticed a two-headed ogre
  8151 | D:10     | Killed a two-headed ogre
  8564 | D:11     | Found a staircase to the Orcish Mines.
  8580 | D:11     | Reached XP level 12. HP: 93/100 MP: 12/12
  8848 | D:12     | Noticed a centaur warrior
  8854 | D:12     | Killed a centaur warrior
  8946 | D:12     | Gained mutation: You are hated by all. [Ru sacrifice]
  8946 | D:12     | Reached **** piety under Ru
  8984 | D:12     | Noticed a two-headed ogre
  8990 | D:12     | Killed a two-headed ogre
  9065 | D:12     | Noticed a seven-headed hydra
  9065 | D:12     | Noticed a boulder beetle
  9081 | D:12     | Slain by a seven-headed hydra

Illustrated notes

Levels and vault maps discovered:
D:1:      dpeg_arrival_subterranean_lakeside_camping, layout_basic
D:2:      layout_loops_ring, basic_ecumenical_altar
D:3:      layout_loops_ring, mainiacjoe_overflow_24_doors, serial_shops,
          nicolae_shop_crystal, uniq_crazy_yiuf_cottage, uniq_natasha
D:4:      cheibrodos_pilgrimage, layout_loops_ring, marbit_many_paths
D:5:      layout_loops_cross, grunt_dithmenos_smoke, nemelex_dance_club_becter,
          solitary_fountain, uniq_menkaure
D:6:      layout_loops_ring, mainiacjoe_overflow_paths,
          mainiacjoe_overflow_small_starburst, amcnicky_altar_gilded,
          minmay_temple_entry_mini_moons, lightli_ossuary_entry_decrepit_ruins,
          minmay_crossroads
D:7:      layout_rooms, kennysheep_slug_shrine, hangedman_feature_mirror
D:8:      layout_rooms, lemuel_tele_altar, mainiacjoe_overflow_catwalk,
          grunt_decor_cap
D:9:      layout_small_grid, okawaru_trees_2, gammafunk_ghost_split,
          kennysheep_cross_bottleneck
D:10:     layout_stronghold, nicolae_tso_swordbearing_angel,
          minmay_lair_entry_grove
D:11:     layout_roguey, david_orc_3, minivault_25
D:12:     layout_loops_corners

Skill      XL: |  1  2  3  4  5  6  7  8  9 10 11 12 |
---------------+-------------------------------------+-----
Fighting       | 4 5 6 7 8 10 11 | 11.8
Armour         | 4 5 6 7 8 10 11 | 11.9
Staves         | 3 4 5 6 7 9 10 | 10.7
Shields        | 7 8 |  8.2

Action                   |  1- 3 |  4- 6 |  7- 9 | 10-12 || total
-------------------------+-------+-------+-------+-------++-------
Melee: Quarterstaff      |    91 |   123 |   280 |   554 ||  1048
Invok: Sacrifice Arcana  |       |       |     1 |       ||     1
       Sacrifice an Eye  |       |       |     1 |       ||     1
       Sacrifice Health  |       |       |       |     1 ||     1
       Sacrifice Love    |       |       |       |     1 ||     1
 Abil: Dig               |     2 |     2 |     2 |     1 ||     7
  Use: Scroll            |       |       |    14 |    10 ||    24
       Potion            |       |       |       |     1 ||     1
 Stab: Confused          |       |       |     1 |     3 ||     4
       Invisible         |       |       |       |     5 ||     5
       Paralysed         |       |       |       |     3 ||     3
       Distracted        |       |       |       |     1 ||     1
Armor: Scale mail        |    50 |    39 |   101 |    15 ||   205
       Plate armour      |       |       |       |   347 ||   347
Dodge: Dodged            |    42 |    66 |    91 |   163 ||   362
Block: Buckler           |    14 |    28 |    53 |   112 ||   207
